 Dungeon Crawl Stone Soup version 0.17-a0-121-gf94917f (webtiles) character file.

499030 BluebellGnoll the Brawler (level 25, 0/144 HPs)
             Began as a Vine Stalker Gladiator on Mar 21, 2015.
             Was the Champion of Makhleb.
             Slain by a reaper
             ... wielding a +4 scythe of flaming
              (2 damage)
             ... in the Vestibule of Hell on Mar 22, 2015.
             The game lasted 06:18:39 (61879 turns).

BluebellGnoll the Brawler (Vine Stalker Gladiator) Turns: 61879, Time: 06:18:40

Health: 0/144      AC: 25    Str: 23    XL:     25   Next: 18%
Magic:  0/39       EV:  8    Int: 20    God:    Makhleb [******]
Gold:   3591       SH:  0    Dex: 17    Spells: 8 memorised, 20 levels left

rFire  + . .     SeeInvis +       - Unarmed
rCold  + . .     Clarity  +     R - +9 plate armour "Hics" {rPois rC- Str+2 SInv}
rNeg   + . .     SustAb   .     (shield currently unavailable)
rPois  +         Gourm    .     h - -1 hat "Cripepsa" {rC++ Str-5 Int+4}
rElec  .         Spirit   +     Z - +2 cloak
rCorr  .         Warding  .     V - melded +2 pair of gloves of Dithmenos' Esteem {rElec Int+2 Stlth+}
rMut   .         Stasis   .     (no boots)
MR     ++++.                    b - amulet of clarity
Stlth  +.........               w - ring "Blafis" {Wiz rF+ rN+ MR+}
                                p - ring "Zaesieck" {+Fly Str+8}

@: blade hands, repel missiles, incredibly resistant to hostile enchantments,
very unstealthy
A: fangs 3, regeneration 3, weak 1, magic shield, antimagic bite, no device heal
3, rot immunity, forlorn
a: End Transformation, Minor Destruction, Lesser Servant of Makhleb, Major
Destruction, Greater Servant of Makhleb, Renounce Religion, Evoke Flight
}: 2/15 runes: decaying, gossamer


You were in the Vestibule of Hell.
You worshipped Makhleb.
Makhleb was exalted by your worship.
You were full.
You had blades for hands.
You visited 11 branches of the dungeon, and saw 50 of its levels.
You visited the Abyss 2 times.
You also visited: Labyrinth, Volcano and Wizlab.

You collected 7809 gold pieces.
You spent 4218 gold pieces at shops.

Inventory:

Hand weapons
 z - a +9 blowgun
Missiles
 d - 4 throwing nets
 M - 6 needles of confusion
 S - 10 tomahawks (quivered)
Armour
 h - the -1 hat "Cripepsa" (worn) {rC++ Str-5 Int+4}
   (You found it on level 6 of the Lair of Beasts)

   It affects your strength (-5).
   It affects your intelligence (+4).
   It greatly protects you from cold.
 R - the +9 plate armour "Hics" (worn) {rPois rC- Str+2 SInv}
   (You found it on level 9 of the Dungeon)

   It affects your strength (+2).
   It makes you vulnerable to cold.
   It protects you from poison.
   It enhances your eyesight.
 V - the +2 pair of gloves of Dithmenos' Esteem (melded) {rElec Int+2 Stlth+}
   (You found it on level 9 of the Dungeon)

   It affects your intelligence (+2).
   It insulates you from electricity.
   It makes you more stealthy.
 Z - a +2 cloak (worn)
Rods
 s - a +6 lightning rod (12/12)
   (You found it in a labyrinth)
Jewellery
 b - an amulet of clarity (around neck)
 c - the ring of Ghutixyr {rF+ rN+ MR+ Int+2}
   (You found it on level 3 of the Crypt)

   [ring of positive energy]

   It affects your intelligence (+2).
   It protects you from fire.
   It protects you from negative energy.
   It affects your resistance to hostile enchantments.
 m - an uncursed amulet of regeneration
 p - the ring "Zaesieck" (left scythe-like blade) {+Fly Str+8}
   (You found it on level 4 of the Dungeon)

   [ring of flight]

   It affects your strength (+8).
   It lets you fly.
 q - the ring of Noerrae {rC+ rN+ Str+4 Int+2 Slay-4}
   (You took it off a deep elf fighter on level 3 of the Elven Halls)

   [ring of intelligence]

   It affects your strength (+4).
   It affects your intelligence (+2).
   It affects your accuracy and damage with ranged weapons and melee attacks
   (-4).
   It protects you from cold.
   It protects you from negative energy.
 r - the ring "Steunn" {rN+ MR+++ Str+2 Dex-2 SInv}
   (You found it on level 3 of the Crypt)

   [ring of positive energy]

   It affects your strength (+2).
   It affects your dexterity (-2).
   It protects you from negative energy.
   It affects your resistance to hostile enchantments.
   It enhances your eyesight.
 w - the ring "Blafis" (right scythe-like blade) {Wiz rF+ rN+ MR+}
   (You took it off a deep elf mage on level 3 of the Elven Halls)

   [ring of wizardry]

   It improves your spell success rate.
   It protects you from fire.
   It protects you from negative energy.
   It affects your resistance to hostile enchantments.
 U - an uncursed amulet of the gourmand
Magical devices
 t - a wand of paralysis (15)
 v - a wand of hasting (4)
 D - a wand of confusion (42)
 G - a wand of digging (10)
 T - a wand of invisibility (5)
 Y - a wand of enslavement (7)
Scrolls
 e - 10 scrolls of recharging
 g - a scroll of summoning
 i - 5 scrolls of immolation
 k - 7 scrolls of enchant armour
 l - 12 scrolls of teleportation
 n - 5 scrolls of fog
 o - a scroll of holy word
 y - 14 scrolls of remove curse
 A - 4 scrolls of blinking
 E - 2 scrolls of silence
 K - 5 scrolls of fear
 P - 8 scrolls of magic mapping
 Q - 6 scrolls of identify
Potions
 j - 3 potions of brilliance
 u - 3 potions of resistance
 x - 7 potions of cancellation
 C - 19 potions of curing
 F - a potion of magic
 H - 3 potions of might
 W - 7 potions of berserk rage
Books
 L - a book of Transfigurations

   Spells                             Type                      Level
   a - Stoneskin                      Transmutation/Earth          2
   b - Irradiate                      Conjuration/Transmutation    5
   c - Statue Form                    Transmutation/Earth          6
   d - Hydra Form                     Transmutation                6
   e - Dragon Form                    Transmutation                7
Miscellaneous
 f - a fan of gales
 O - a lamp of fire
 X - a phial of floods
Comestibles
 a - 27 bread rations


   Skills:
 - Level 19.0 Fighting
 - Level 11.8 Throwing
 - Level 9.8 Armour
 - Level 2.4 Dodging
 - Level 11.2 Stealth
 - Level 20.1 Unarmed Combat
 - Level 8.0 Spellcasting
 + Level 11.2 Charms
 - Level 7.6 Translocations
 - Level 13.0 Transmutations
 - Level 15.5 Invocations
 - Level 11.2 Evocations


You had 20 spell levels left.
You knew the following spells:

 Your Spells              Type           Power        Failure   Level  Hunger
a - Beastly Appendage     Trmt           ######       4%          1    None
b - Blink                 Tloc           N/A          21%         2    None
c - Shroud of Golubria    Chrm/Tloc      #####.....   13%         2    None
d - Blade Hands           Trmt           ######....   26%         5    #####..
e - Control Teleport      Chrm/Tloc      #####.....   34%         4    ###....
r - Regeneration          Chrm/Necr      ####......   43%         3    None
y - Repel Missiles        Chrm/Air       ####..       28%         2    None
z - Apportation           Tloc           #####.....   16%         1    None


Dungeon Overview and Level Annotations

Branches:
Dungeon (15/15)            Temple (1/1) D:7            Lair (8/8) D:11
  Swamp (5/5) Lair:6       Spider (5/5) Lair:6        Slime (0/6) Lair:8
    Orc (4/4) D:11            Elf (3/3) Orc:3        Vaults (4/5) D:13
  Crypt (3/3) Vaults:3       Tomb (0/3) Crypt:3      Depths (1/5) D:15
   Hell (1/1)
    Dis: Hell:1         Geh: Hell:1         Coc: Hell:1         Tar: Hell:1

Altars:
Ashenzari
Cheibriados
Dithmenos
Elyvilon
Fedhas
Gozag
Kikubaaqudgha
Makhleb
Nemelex Xobeh
Okawaru
Qazlal
Ru
Sif Muna
Trog
Vehumet
Xom
Yredelemnul
Zin
The Shining One
Beogh
Jiyva

Shops:
D:6 %*:   D:12 :   Orc:4 [(*%   Elf:1 [?%[   Elf:3 }   Vaults:3 }   Vaults:4 [
Depths:1 *(:

Portals:
Hell: Depths:1
Ziggurat: Depths:1
Trove: D:13 (show abyssal rune of Zot)

Annotations:
Hell Geryon


Innate Abilities, Weirdness & Mutations

You have razor-sharp teeth.
You regenerate.
When hurt, damage is shared between your health and your magic reserves.
Your bite disrupts and absorbs the magic of your enemies.
Potions and wands cannot restore your health.
You are immune to rotting.
You are weak. (Str -2)
You have difficulty communicating with the divine.


Message History

Unknown command.
You are too injured to fight recklessly!
You slice the hell hound!!!
You kill the hell hound!
Makhleb accepts your kill.
You feel a little better.
The hell hog moves out of view.
The red devil hits you but does no damage.
Geryon winds a great silver horn.
The smoke demon hits you.
* * * LOW HITPOINT WARNING * * *
The smoke demon hits you but does no damage. x2
A smoke demon and a rust devil come into view.
You slice the sun demon!!!
You kill the sun demon!
Makhleb accepts your kill.
You feel a little better.
The reaper hits you from afar with a scythe of flaming!!!
* * * LOW HITPOINT WARNING * * *
The reaper burns you.
You die...

.#.... ............
.#...#........
................
...4...**..*.*....
...................
.........p.........
.........§3Z.......3.
.........22.@........
....##..2##3.........
....#...h.h2#.4......
........hhhh........≈
...#..h.&3...#......≈
#.....∩.....#.....
...#..h......#.....
.................
...#.......#....


You could see Geryon, 3 hell beasts, a reaper, 4 hell hogs, a soul eater, a rust
devil, a necromancer, 3 smoke demons, a red devil, 2 hell hounds, 4 lost souls
and a sphinx zombie.

Vanquished Creatures
  5 ancient liches
  Margery (Vaults:2)
  Saint Roka (Vaults:4)
  Jory (Crypt:1)
  A bone dragon (Abyss:1)
  Arachne (Spider:4)
  Nikola (Swamp:3)
  A spellforged servitor (Crypt:2)
  3 deep elf blademasters
  Asterion (Depths:1)
  4 deep elf master archers (Elf:3)
  3 liches
  8 tentacled starspawn (Abyss:1)
  2 thorn hunters
  5 ancient champions
  5 revenants
  An azure jelly (Depths:1)
  Roxanne (Swamp:3)
  A tengu reaver (Vaults:3)
  A frost giant (Depths:1)
  An orc warlord (Orc:4)
  11 vault wardens
  Wiglaf (Depths:1)
  Maud (Lair:7)
  Aizul (Spider:4)
  A curse skull (Crypt:3)
  10 deep elf sorcerers (Elf:3)
  2 balrugs (Abyss:1)
  5 ghouls
  4 ghost moths (Spider:5)
  Gastronok (D:8)
  9 emperor scorpions
  12 ironheart preservers
  Jorgrun (Crypt:3)
  A reaper (Crypt:3)
  3 war gargoyles (Crypt:3)
  4 very ugly things
  7 deep elf demonologists (Elf:3)
  7 stone giants
  A lorocyproca (Elf:3)
  5 vampire knights
  2 deep elf annihilators
  A dire elephant (Depths:1)
  4 eidola
  An unborn (Crypt:2)
  14 vault guards
  4 minotaurs
  5 fire dragons
  7 yaktaur captains
  6 deep elf death magi
  A quicksilver dragon skeleton (Crypt:3)
  6 deep elf high priests (Elf:3)
  2 rakshasas
  2 jiangshi (Crypt:3)
  Harold (D:13)
  2 great orbs of eyes
  15 hydras
  7 ice dragons
  2 catoblepae
  A ghost crab (Swamp:4)
  Nessos (Spider:1)
  Erica (Lair:6)
  The ghost of Ngotmuk the Basher, a powerful HuFi of Cheibriados (D:11)
  13 ogre magi
  7 alligators
  A death knight (Crypt:2)
  9 centaur warriors
  13 dancing weapons (Elf:2)
  An orc high priest (Orc:4)
  3 deep troll earth magi (Vaults:4)
  A deep troll shaman (Vaults:4)
  2 thrashing horrors (Abyss:1)
  A titan zombie (Crypt:1)
  A hell beast (Hell)
  4 vampire magi
  A death yak (Lair:6)
  7 sun demons
  3 tengu warriors
  2 soul eaters (Crypt:2)
  A spriggan (Swamp:2)
  2 fire crabs
  31 deep elf knights
  A storm dragon zombie (Crypt:3)
  4 shadow wraiths
  2 titan skeletons
  A wretched star (Abyss:1)
  40 skeletal warriors
  A spatial maelstrom (Abyss:1)
  A spectral anaconda (Crypt:2)
  2 ice devils
  A fire crab (shapeshifter) (Vaults:4)
  2 swamp dragons
  7 hell knights
  11 flayed ghosts
  3 giant orange brains
  15 deep trolls
  7 deep elf summoners
  2 spriggan druids
  A shambling mangrove (Swamp:3)
  2 unseen horrors
  22 orb spiders
  Pikel (D:7)
  A harpy (Vaults:2)
  15 deep elf conjurers
  51 ugly things
  10 hornets
  13 orc knights
  18 phantasmal warriors
  19 ironbrand convokers
  10 necromancers
  4 orc sorcerers
  31 wolf spiders
  2 frost giant zombies
  6 wizards
  15 hill giants
  A sixfirhy (Abyss:1)
  4 manticores
  A shadow dragon skeleton (Vaults:3)
  A hornet (shapeshifter) (Elf:2)
  A fire giant zombie (Crypt:1)
  4 centaur zombies
  5 cyclopes
  6 griffons
  A salamander (shapeshifter) (Vaults:3)
  An iron dragon skeleton (Crypt:3)
  2 moths of wrath
  2 worldbinders (Abyss:1)
  A human skeleton (Vaults:4)
  9 elephants
  Joseph (D:7)
  7 fire giant skeletons
  An octopode (shapeshifter) (Vaults:4)
  8 vault sentinels
  2 frost giant skeletons
  A molten gargoyle (Volcano)
  A naga mage (Vaults:3)
  A shock serpent skeleton (Crypt:3)
  A torpor snail (shapeshifter) (Elf:1)
  2 torpor snails
  8 black mambas
  A stone giant skeleton (Crypt:2)
  Psyche (D:8)
  A hellion (Abyss:1)
  8 gargoyles
  11 spiny frogs
  4 smoke demons
  2 kobold demonologists
  A mottled draconian zombie (Crypt:1)
  13 demonic crawlers
  5 komodo dragons
  4 fire drakes (Lair:8)
  40 yaktaurs
  A green draconian skeleton (Crypt:1)
  5 ancient zymes (Abyss:1)
  9 freezing wraiths
  A red draconian skeleton (Crypt:1)
  5 red devils
  A hellwing (Elf:3)
  3 trolls
  A tormentor (Elf:3)
  A minotaur zombie (Lab)
  13 deep elf priests
  2 silent spectres
  A polar bear (shapeshifter) (Depths:1)
  11 raiju
  3 tengu conjurers
  8 polar bears (Lair:8)
  A hydra zombie (Crypt:3)
  21 two-headed ogres
  A wind drake (shapeshifter) (Vaults:2)
  23 jumping spiders
  29 slime creatures
  Grinder (D:4)
  2 baby alligators (Swamp:2)
  10 ravens
  A tengu simulacrum (Vaults:4)
  9 blink frogs
  11 boulder beetles
  3 giant leeches
  8 bog bodies
  58 redbacks
  A raiju (shapeshifter) (Vaults:3)
  A death drake skeleton (Crypt:1)
  A centaur simulacrum (D:15)
  5 large abominations (Abyss:1)
  19 starcursed masses (Abyss:1)
  2 ynoxinuls (Abyss:1)
  20 tarantellas
  4 basilisks
  A human (shapeshifter) (Elf:1)
  10 fire dragon skeletons (Crypt:3)
  A stone giant simulacrum (Crypt:3)
  An ice dragon skeleton (Crypt:3)
  14 flying skulls
  32 deep elf magi
  12 hippogriffs
  45 yaks
  10 trapdoor spiders
  An ettin skeleton (Crypt:3)
  7 shadows
  A black mamba skeleton (Crypt:3)
  13 vampires
  2 hill giant zombies (WizLab)
  9 wraiths
  6 neqoxecs (Abyss:1)
  2 wyverns
  23 vampire mosquitoes
  34 wolves
  A steam dragon (Lair:8)
  A spatial vortex (Abyss:1)
  26 deep elf fighters
  A fire elemental (Volcano)
  A harpy simulacrum (Crypt:3)
  A deep troll zombie (Crypt:1)
  7 hungry ghosts
  A merfolk zombie (Crypt:2)
  13 wargs
  19 insubstantial wisps
  3 mottled dragons
  16 water moccasins
  4 human zombies (Vaults:2)
  23 swamp worms
  A hydra simulacrum (Crypt:3)
  An infernal demonspawn skeleton (Crypt:1)
  A soldier ant (D:14)
  An alligator simulacrum (Crypt:1)
  11 hell hounds
  A spider (shapeshifter) (Vaults:4)
  8 swamp drakes
  17 porcupines
  An ettin simulacrum (Abyss:1)
  3 eyes of draining
  5 wasps
  6 ice beasts
  4 slaves (D:7)
  14 black bears
  51 orc warriors
  30 spiders
  61 ogres
  4 sky beasts
  2 phantoms
  2 manticore skeletons
  3 necrophages
  A hog zombie (Crypt:1)
  9 big kobolds
  5 boggarts
  16 centaurs
  19 giant frogs
  2 boring beetles
  24 crocodiles
  8 small abominations
  2 lost souls (Crypt:3)
  An ogre simulacrum (Vaults:1)
  A glowing shapeshifter simulacrum (Vaults:4)
  A wyvern skeleton (D:6)
  11 scorpions
  A cyclops skeleton (Crypt:2)
  A raiju zombie (Crypt:1)
  An orc simulacrum (Vaults:2)
  An elf simulacrum (Vaults:3)
  7 troll zombies (WizLab)
  A human simulacrum (Vaults:4)
  21 wights
  3 electric eels (Elf:3)
  A troll skeleton (Crypt:1)
  9 crimson imps
  A quasit (D:10)
  A wolf zombie (Crypt:2)
  43 orc wizards
  29 hounds
  An iron imp (Abyss:1)
  3 centaur skeletons
  7 goliath beetles
  13 jellies
  29 orc priests
  3 giant frog skeletons
  16 iguanas
  A two-headed ogre skeleton (Crypt:1)
  A bog body skeleton (Crypt:2)
  13 worker ants
  3 hell rats
  A demigod zombie (Crypt:2)
  4 ogre zombies
  A big kobold skeleton (Crypt:1)
  4 hound skeletons
  A hound zombie (D:7)
  A mummy (D:10)
  A gnoll (D:6)
  22 adders
  26 river rats
  A giant mite (D:5)
  A shadow imp (D:13)
  5 worms
  3 ufetubi
  An adder zombie (D:5)
  A sheep skeleton (Crypt:1)
  4 oozes
  190 orcs
  A ball python (D:4)
  9 bats
  2 bat skeletons (D:4)
  4 giant cockroaches
  17 goblins
  20 hobgoblins
  21 jackals
  45 kobolds
  18 quokkas
  A giant gecko (D:7)
  A giant gecko skeleton (D:6)
  6 giant newts
  A giant spore (D:14)
  A jackal skeleton (D:7)
  A kobold skeleton (Crypt:3)
  An orc skeleton (Crypt:1)
  10 rats
  15 ballistomycetes
  A bush (D:9)
  4 crawling corpses (Elf:3)
  7 fungi
  3 plants
  20 starspawn tentacles (Abyss:1)
2458 creatures vanquished.

Vanquished Creatures (collateral kills)
  A hydra (Swamp:5)
  2 swamp dragons (Swamp:5)
3 creatures vanquished.

Vanquished Creatures (others)
  A blizzard demon (Depths:1)
  2 hydras
  A deep troll (Vaults:4)
  An apocalypse crab (Abyss:1)
  A tengu conjurer (Vaults:3)
  An orc warrior (Vaults:3)
  A human zombie (Vaults:2)
  7 lost souls
  A deep troll simulacrum (Vaults:3)
  A hound (Lair:8)
  A hound zombie (D:10)
  2 giant spores (D:10)
  2 briar patches (Swamp:5)
  11 fungi (Lair:6)
  11 plants
  8 starspawn tentacles (Abyss:1)
  117 starspawn tentacle segments (Abyss:1)
169 creatures vanquished.

Grand Total: 2630 creatures vanquished

Notes
Turn   | Place    | Note
--------------------------------------------------------------
     0 | D:1      | BluebellGnoll, the Vine Stalker Gladiator, began the quest for the Orb.
     0 | D:1      | Reached XP level 1. HP: 11/11 MP: 1/1
    33 | D:1      | Reached skill level 1 in Stealth
    84 | D:1      | Reached XP level 2. HP: 15/15 MP: 3/3
   786 | D:2      | Reached XP level 3. HP: 9/18 MP: 2/4
  1194 | D:2      | Found a stormy altar of Qazlal.
  1195 | D:2      | Found a deep blue altar of Sif Muna.
  1199 | D:2      | Found a radiant altar of Vehumet.
  1199 | D:2      | Found a sacrificial altar of Ru.
  1263 | D:2      | Found a shattered altar of Ashenzari.
  1294 | D:2      | Found an iron altar of Okawaru.
  1553 | D:2      | Reached skill level 4 in Unarmed Combat
  1553 | D:2      | Reached XP level 4. HP: 15/23 MP: 3/5
  1808 | D:3      | Reached XP level 5. HP: 16/26 MP: 7/7
  1963 | D:3      | Reached skill level 5 in Unarmed Combat
  2366 | D:4      | Noticed an ogre
  2476 | D:4      | Killed an ogre
  2476 | D:4      | Gained mutation: You heal very quickly. [vine stalker growth]
  2476 | D:4      | Reached XP level 6. HP: 21/33 MP: 8/8
  2528 | D:4      | Reached skill level 1 in Armour
  2540 | D:4      | Noticed Grinder
  2551 | D:4      | Killed Grinder
  2551 | D:4      | Reached XP level 7. HP: 33/37 MP: 6/9
  2578 | D:4      | Got a vibrating lead ring
  2580 | D:4      | Identified the ring "Zaesieck" {+Fly Str+8} (You found it on level 4 of the Dungeon)
  2814 | D:5      | Entered Level 5 of the Dungeon
  2926 | D:5      | Gained mutation: You have razor-sharp teeth. [vine stalker growth]
  2926 | D:5      | Reached XP level 8. HP: 42/42 MP: 11/11
  2963 | D:5      | Reached skill level 6 in Unarmed Combat
  3314 | D:6      | Reached skill level 7 in Unarmed Combat
  3405 | D:6      | Found Stalear's Assorted Antiques.
  3419 | D:6      | Reached skill level 8 in Unarmed Combat
  3433 | D:6      | Found Crofum's Book Shoppe.
  3437 | D:6      | Bought a dark potion for 21 gold pieces
  3437 | D:6      | Bought a pearl ring for 120 gold pieces
  3437 | D:6      | Bought a fizzy inky potion for 21 gold pieces
  3437 | D:6      | Bought a scroll labeled INALLI GHOGU for 24 gold pieces
  3437 | D:6      | Bought a scroll labeled EKEFUP UGRUR for 24 gold pieces
  3443 | D:6      | Found a shattered altar of Ashenzari.
  3523 | D:6      | Got a warped leather armour
  3574 | D:6      | Reached skill level 9 in Unarmed Combat
  3574 | D:6      | Reached XP level 9. HP: 42/45 MP: 10/12
  3622 | D:6      | Found Triel's Food Shop.
  3654 | D:6      | Gained mutation: You have difficulty communicating with the divine. [mutagenic meat]
  3681 | D:6      | Identified the +1 leather armour of Huwigaut {rElec rC- rN+ MR+} (You found it on level 6 of the Dungeon)
  3736 | D:7      | Noticed Joseph
  3746 | D:7      | Killed Joseph
  3746 | D:7      | Reached skill level 5 in Fighting
  3902 | D:7      | Found a radiant altar of Vehumet.
  4203 | D:7      | Noticed Pikel
  4211 | D:7      | Killed Pikel
  4265 | D:7      | Found a glowing silver altar of Zin.
  4284 | D:7      | Found a staircase to the Ecumenical Temple.
  4293 | Temple   | Entered the Ecumenical Temple
  4471 | Temple   | Became a worshipper of Makhleb the Destroyer
  5092 | D:8      | Reached XP level 10. HP: 56/56 MP: 13/13
  5160 | D:8      | Reached skill level 10 in Unarmed Combat
  5235 | D:8      | Acquired Makhleb's first power
  5412 | D:8      | Noticed Gastronok
  5428 | D:8      | Killed Gastronok
  5428 | D:8      | Reached skill level 5 in Stealth
  5428 | D:8      | Reached skill level 11 in Unarmed Combat
  5510 | D:8      | Noticed Psyche
  5519 | D:8      | Killed Psyche
  5617 | D:9      | Got a faintly humming plate armour
  5628 | D:9      | Identified the +9 plate armour "Hics" {rPois rC- Str+2 SInv} (You found it on level 9 of the Dungeon)
  5705 | D:9      | Reached skill level 5 in Armour
  5783 | D:9      | Acquired Makhleb's second power
  5833 | D:9      | Found a blossoming altar of Fedhas.
  5967 | D:9      | Got a pair of brightly glowing gloves
  5978 | D:9      | Identified the +2 pair of gloves of Dithmenos' Esteem {rElec Int+2 Stlth+} (You found it on level 9 of the Dungeon)
  6035 | D:9      | Reached XP level 11. HP: 59/59 MP: 15/15
  6539 | D:9      | Gained mutation: You have sharp toenails. [potion of beneficial mutation]
  6540 | D:9      | Gained mutation: You are somewhat resistant to further mutation. [potion of beneficial mutation]
  6562 | D:10     | Entered Level 10 of the Dungeon
  6572 | D:10     | Noticed a hill giant
  6580 | D:10     | Killed a hill giant
  6744 | D:10     | Noticed an unseen horror
  6747 | D:10     | Killed an unseen horror
  6938 | D:10     | Found a white marble altar of Elyvilon.
  7315 | D:10     | Found a deep blue altar of Sif Muna.
  7540 | D:11     | Noticed a hill giant
  7551 | D:11     | Killed a hill giant
  7715 | D:11     | Noticed Ngotmuk's ghost (powerful HuFi)
  7732 | D:11     | Killed Ngotmuk's ghost
  7869 | D:11     | Reached skill level 1 in Invocations
  7916 | D:11     | Found a staircase to the Orcish Mines.
  7922 | D:11     | Acquired Makhleb's third power
  8004 | D:11     | Noticed a hill giant
  8010 | D:11     | Killed a hill giant
  8036 | D:11     | Found a staircase to the Lair.
  8077 | D:11     | Gained mutation: You regenerate. [vine stalker growth]
  8077 | D:11     | Reached XP level 12. HP: 64/64 MP: 20/22
  8082 | D:11     | Reached skill level 5 in Invocations
  8347 | Lair:1   | Entered Level 1 of the Lair of Beasts
  8439 | Lair:1   | Found a burning altar of Makhleb.
  9327 | Lair:2   | Acquired Makhleb's fourth power
  9642 | Lair:2   | Reached skill level 12 in Unarmed Combat
 10193 | Lair:3   | Noticed a four-headed hydra
 10199 | Lair:3   | Killed a four-headed hydra
 10832 | Lair:3   | Reached XP level 13. HP: 72/72 MP: 25/25
 11121 | Lair:3   | Reached skill level 10 in Fighting
 11394 | Lair:4   | Reached skill level 13 in Unarmed Combat
 11508 | Lair:4   | Acquired Makhleb's fifth power
 13691 | D:11     | Found a roughly hewn altar of Beogh.
 13745 | D:12     | Found a labyrinth entrance.
 13754 | Lab      | Entered a labyrinth
 14059 | Lab      | Noticed a minotaur
 14088 | Lab      | Killed a minotaur
 14096 | Lab      | Got a crude silver ring
 14140 | Lab      | Got a warped flail
 14416 | D:12     | Found Througgou's Book Shoppe.
 14561 | D:12     | Reached skill level 5 in Evocations
 14756 | D:13     | Noticed Harold
 14768 | D:13     | Killed Harold
 14910 | D:13     | Reached XP level 14. HP: 77/77 MP: 29/29
 15094 | D:13     | Found a gate to the Vaults.
 15134 | D:13     | Identified the ring of Paihoang {Ice rElec} (You found it in a labyrinth)
 15212 | D:13     | Noticed a vault guard
 15223 | D:13     | Killed a vault guard
 15630 | D:13     | Found a portal to a secret trove of treasure.
 15738 | Orc:1    | Entered Level 1 of the Orcish Mines
 16738 | Orc:3    | Found a dark tunnel.
 16783 | Volcano  | Entered a volcano
 17035 | Orc:3    | Found a staircase to the Elven Halls.
 17067 | Orc:3    | Found a roughly hewn altar of Beogh.
 17575 | Orc:4    | Entered Level 4 of the Orcish Mines
 17632 | Orc:4    | Found a roughly hewn altar of Beogh.
 17646 | Orc:4    | Found Chus' General Store.
 17651 | Orc:4    | Bought a scroll of recharging for 114 gold pieces
 17719 | Orc:4    | Found a roughly hewn altar of Beogh.
 18009 | Orc:4    | Found a roughly hewn altar of Beogh.
 18117 | Orc:4    | Noticed an orc warlord
 18480 | Orc:4    | Found a roughly hewn altar of Beogh.
 18481 | Orc:4    | Found Smuchuc's Antique Armour Shoppe.
 18486 | Orc:4    | Found Eqomus' Antique Weapon Emporium.
 18522 | Orc:4    | Bought a smoking leather armour for 210 gold pieces
 18601 | Orc:4    | Killed an orc warlord
 18649 | Orc:4    | Found a roughly hewn altar of Beogh.
 18679 | Orc:4    | Reached skill level 10 in Stealth
 18694 | Orc:4    | Found Xiuhaud's Food Shoppe.
 18781 | Orc:4    | Found a roughly hewn altar of Beogh.
 18996 | Orc:4    | Found a roughly hewn altar of Beogh.
 19270 | Lair:2   | Identified the cursed +1 leather armour "Lopsoho" {Int+4} (You bought it in a shop on level 4 of the Orcish Mines)
 19489 | Lair:6   | Got a warped hat
 19500 | Lair:6   | Identified the cursed -1 hat "Cripepsa" {rC++ Str-5 Int+4} (You found it on level 6 of the Lair of Beasts)
 19615 | Lair:6   | Found a hole to the Spider Nest.
 19791 | Lair:6   | Noticed Erica
 19798 | Lair:6   | Killed Erica
 19878 | Lair:6   | Found a staircase to the Swamp.
 20131 | Lair:6   | Reached skill level 5 in Throwing
 20795 | Lair:7   | Reached XP level 15. HP: 76/81 MP: 26/29
 20892 | Lair:7   | Noticed Maud
 20917 | Lair:7   | Killed Maud
 21412 | Lair:7   | Identified the Reference Book on Talismans
 22241 | Lair:8   | Entered Level 8 of the Lair of Beasts
 22268 | Lair:8   | Found a staircase to the Slime Pits.
 22269 | Lair:8   | Found a viscous altar of Jiyva.
 22326 | Lair:8   | Reached skill level 14 in Unarmed Combat
 22404 | Lair:8   | Got a translucent ring mail
 23118 | Lair:8   | Got a coiled copper ring
 23607 | Lair:2   | Identified the ring "Smoust" {Fire Str+3 Dex-5 SInv} (You found it on level 8 of the Lair of Beasts)
 23636 | Lair:2   | Identified the +3 ring mail of Hadjma {-Tele rC++ Regen+ Str+2} (You found it on level 8 of the Lair of Beasts)
 23641 | Lair:2   | Learned a level 3 spell: Regeneration
 23826 | Swamp:1  | Entered Level 1 of the Swamp
 24942 | Swamp:4  | Noticed a thorn hunter
 24967 | Swamp:4  | Killed a thorn hunter
 24988 | Swamp:4  | Reached XP level 16. HP: 88/88 MP: 30/30
 25679 | Swamp:5  | Entered Level 5 of the Swamp
 25680 | Swamp:5  | Noticed a thorn hunter
 25861 | Swamp:5  | Noticed a thorn hunter
 25873 | Swamp:5  | Killed a thorn hunter
 26503 | Swamp:5  | Got a decaying rune of Zot
 26871 | Swamp:3  | Noticed Nikola
 26893 | Swamp:3  | Killed Nikola
 26997 | Swamp:3  | Identified the Papyrus of Noxious Enchantment
 27068 | Swamp:3  | Noticed Roxanne
 27084 | Swamp:3  | Killed Roxanne
 27086 | Swamp:3  | Found a bloodstained altar of Trog.
 27525 | Spider:1 | Entered Level 1 of the Spider Nest
 28043 | Vaults:1 | Entered Level 1 of the Vaults
 28043 | Vaults:1 | Found a deep blue altar of Sif Muna.
 28073 | Vaults:1 | Reached skill level 15 in Unarmed Combat
 28568 | Vaults:1 | Reached XP level 17. HP: 97/97 MP: 31/31
 28990 | Vaults:1 | Reached skill level 16 in Unarmed Combat
 30116 | Vaults:2 | Reached skill level 17 in Unarmed Combat
 30275 | Vaults:2 | Noticed Margery
 30287 | Vaults:2 | Killed Margery
 30299 | Vaults:2 | Reached skill level 10 in Invocations
 30401 | Vaults:2 | Reached XP level 18. HP: 102/102 MP: 26/32
 30458 | Vaults:2 | Reached skill level 10 in Throwing
 31381 | D:6      | Bought a manual of Transmutations for 1656 gold pieces
 31381 | D:6      | Bought a book of Changes for 375 gold pieces
 31383 | D:6      | Learned a level 1 spell: Beastly Appendage
 31722 | Elf:1    | Entered Level 1 of the Elven Halls
 31736 | Elf:1    | Found Uttag's Antique Armour Shop.
 31786 | Elf:1    | Found Nifraoss' Food Boutique.
 31818 | Elf:1    | Reached skill level 1 in Transmutations
 31917 | Elf:1    | Reached skill level 5 in Transmutations
 31958 | Elf:1    | Found Gaheich's Magic Scroll Emporium.
 31984 | Elf:1    | Bought a scroll of silence for 112 gold pieces
 31984 | Elf:1    | Bought a scroll of identify for 30 gold pieces
 31984 | Elf:1    | Bought a scroll of fear for 52 gold pieces
 31984 | Elf:1    | Bought a scroll of identify for 30 gold pieces
 31984 | Elf:1    | Bought a scroll of immolation for 52 gold pieces
 31984 | Elf:1    | Bought a scroll of blinking for 112 gold pieces
 32010 | Elf:1    | Found Zeckirap's Armour Shoppe.
 32068 | Elf:1    | Found a magical portal.
 32081 | WizLab   | Entered Zonguldrok's Shrine
 32521 | WizLab   | Noticed an antique lich
 32526 | WizLab   | Killed an antique lich
 32526 | WizLab   | Reached skill level 10 in Transmutations
 32671 | Elf:1    | Learned a level 1 spell: Apportation
 32674 | Elf:1    | Learned a level 2 spell: Blink
 33230 | Elf:1    | Gained mutation: You are partially covered in icy blue scales (AC +1). [mutagenic meat]
 34518 | Vaults:3 | Gained mutation: You can spit poison. [mutagenic meat]
 34682 | Vaults:3 | Gained mutation: You tend to lose your temper in combat. [mutagenic meat]
 34723 | Vaults:3 | Reached XP level 19. HP: 100/106 MP: 33/33
 34861 | Vaults:3 | Found a staircase to the Crypt.
 34986 | Vaults:3 | Gained mutation: You are resistant to hostile enchantments. [mutagenic meat]
 34987 | Vaults:3 | Gained mutation: You often lose your temper in combat. [mutagenic meat]
 34997 | Vaults:3 | Gained mutation: You have a pair of small antennae on your head. [mutagenic meat]
 35004 | Vaults:3 | Gained mutation: You are robust (+10% HP). [mutagenic meat]
 35197 | Vaults:3 | Reached skill level 18 in Unarmed Combat
 35467 | Vaults:3 | Found Wimn's Gadget Emporium.
 35547 | Vaults:3 | Reached XP level 20. HP: 122/122 MP: 30/35
 35674 | Vaults:3 | Cast into the Abyss (hell knight)
 35739 | Vaults:3 | Escaped the Abyss
 35960 | Vaults:3 | Found a radiant altar of Vehumet.
 36644 | Vaults:4 | Noticed Saint Roka
 36819 | Vaults:4 | Reached skill level 19 in Unarmed Combat
 36984 | Vaults:4 | Killed Saint Roka
 36989 | Vaults:4 | Reached XP level 21. HP: 82/126 MP: 30/36
 37097 | Vaults:4 | Gained mutation: You possess an exceptional clarity of mind. [mutagenic meat]
 37105 | Vaults:4 | Lost mutation: You have sharp toenails. [mutagenic meat]
 37197 | Vaults:4 | Upgraded the game from 0.17-a0-119-g2b06fc5 to 0.17-a0-121-gf94917f
 37413 | Vaults:4 | Found Tweil's Antique Armour Shop.
 37694 | Vaults:4 | Found a shimmering altar of Xom.
 37918 | Vaults:4 | Reached skill level 20 in Unarmed Combat
 38552 | D:14     | Gained mutation: Your magical capacity is low (-10% MP). [mutagenic meat]
 38553 | D:14     | Lost mutation: You are somewhat resistant to further mutation. [mutagenic meat]
 38636 | D:14     | Identified the Tome of Orientation
 39465 | D:15     | Entered Level 15 of the Dungeon
 39697 | D:15     | Cast into the Abyss (two-headed ogre)
 39718 | Abyss:1  | Found a sparkling altar of Nemelex Xobeh.
 39788 | Abyss:1  | Found a sparkling altar of Nemelex Xobeh.
 39894 | Abyss:1  | Reached skill level 15 in Fighting
 40108 | Abyss:1  | Paralysed by accursed screaming for 1 turns
 40315 | Abyss:1  | Gained mutation: You expend magic power (3 MP) to slightly strengthen your wands. [a neqoxec]
 40622 | D:15     | Escaped the Abyss
 40859 | D:15     | Reached XP level 22. HP: 136/136 MP: 33/33
 41012 | D:15     | Gained mutation: You are weak. (Str -2) [mutagenic meat]
 41014 | D:15     | Lost mutation: You are resistant to hostile enchantments. [mutagenic meat]
 41015 | D:15     | Lost mutation: You are partially covered in icy blue scales (AC +1). [mutagenic meat]
 41016 | D:15     | Gained mutation: Your mind is acute. (Int +2) [mutagenic meat]
 41017 | D:15     | Gained mutation: You are covered in fur (AC +1). [mutagenic meat]
 41091 | D:15     | Found a staircase to the Depths.
 41870 | Depths:1 | Entered Level 1 of the Depths
 41870 | Depths:1 | Found a gateway to Hell.
 41892 | Depths:1 | Noticed Asterion
 41912 | Depths:1 | Killed Asterion
 41968 | Depths:1 | Found Pnau's General Store.
 41996 | Depths:1 | Noticed Wiglaf
 42023 | Depths:1 | Killed Wiglaf
 42113 | Depths:1 | Lost mutation: You are covered in fur (AC +1). [mutagenic meat]
 42114 | Depths:1 | Gained mutation: Your spells are a little harder to cast, but a little more powerful. [mutagenic meat]
 42116 | Depths:1 | Gained mutation: Armour fits poorly on your strangely shaped body. [mutagenic meat]
 42118 | Depths:1 | Lost mutation: You often lose your temper in combat. [mutagenic meat]
 42119 | Depths:1 | Lost mutation: You are robust (+10% HP). [mutagenic meat]
 42465 | Lair:2   | Lost mutation: You are weak. (Str -2) [potion of cure mutation]
 42465 | Lair:2   | Lost mutation: Your magical capacity is low (-10% MP). [potion of cure mutation]
 42465 | Lair:2   | Lost mutation: You have a pair of small antennae on your head. [potion of cure mutation]
 42465 | Lair:2   | Lost mutation: Your mind is acute. (Int +2) [potion of cure mutation]
 42466 | Lair:2   | Lost mutation: You possess an exceptional clarity of mind. [potion of cure mutation]
 42466 | Lair:2   | Lost mutation: Armour fits poorly on your strangely shaped body. [potion of cure mutation]
 42466 | Lair:2   | Lost mutation: You can spit poison. [potion of cure mutation]
 42466 | Lair:2   | Lost mutation: You expend magic power (3 MP) to slightly strengthen your wands. [potion of cure mutation]
 42467 | Lair:2   | Lost mutation: You tend to lose your temper in combat. [potion of cure mutation]
 42467 | Lair:2   | Lost mutation: Your spells are a little harder to cast, but a little more powerful. [potion of cure mutation]
 42806 | Elf:2    | Found a burning altar of Makhleb.
 43090 | Elf:2    | Found a runed gate.
 43090 | Elf:2    | Found a runed gate.
 43090 | Elf:2    | Found a runed gate.
 43804 | Elf:3    | Entered Level 3 of the Elven Halls
 44144 | Elf:3    | Found a deep blue altar of Sif Muna.
 44296 | Elf:3    | Found Shrot's Gadget Shop.
 44444 | Elf:3    | Got a heavily runed ring mail
 44791 | Elf:3    | Gained mutation: You are weak. (Str -2) [a neqoxec]
 45230 | Lair:2   | Identified the +0 ring mail of Ynedotor {rPois Regen+ Dex+4 Stlth-} (You found it on level 3 of the Elven Halls)
 45586 | Elf:3    | Got a scintillating steel ring
 45587 | Elf:3    | Got an opal-studded scale mail
 45856 | Elf:3    | Reached XP level 23. HP: 134/134 MP: 38/38
 45954 | Elf:3    | Identified the ring of Kheud {-Tele rPois EV+5 Int+3} (You took it off a deep elf priest on level 3 of the Elven Halls)
 45973 | Elf:3    | Got an ancient bronze ring
 45977 | Elf:3    | Identified the ring "Blafis" {Wiz rF+ rN+ MR+} (You took it off a deep elf mage on level 3 of the Elven Halls)
 46352 | Elf:3    | Identified Stresihug's Catalogue of Companions and the Frostbite (You found it on level 3 of the Elven Halls)
 46360 | Elf:3    | Got a pitted granite ring
 46362 | Elf:3    | Identified the ring of Noerrae {rC+ rN+ Str+4 Int+2 Slay-4} (You took it off a deep elf fighter on level 3 of the Elven Halls)
 46369 | Elf:3    | Got a pitted hat
 46433 | Elf:3    | Learned a level 2 spell: Repel Missiles
 46794 | Lair:2   | Identified the +2 hat "Dojis" {Regen+} (You found it on level 3 of the Elven Halls)
 48617 | Lair:2   | Identified the +4 scale mail "Klianl Itokk" {rC+ MR+} (You took it off a deep elf priest on level 3 of the Elven Halls)
 48635 | Lair:2   | Learned a level 5 spell: Blade Hands
 49098 | Spider:1 | Noticed Nessos
 49106 | Spider:1 | Killed Nessos
 51235 | Spider:3 | Identified the Papyrus of Unreason
 51612 | Spider:4 | Noticed Aizul
 51628 | Spider:4 | Killed Aizul
 51705 | Spider:4 | Noticed Arachne
 51721 | Spider:4 | Killed Arachne
 52323 | Spider:5 | Entered Level 5 of the Spider Nest
 52390 | Spider:5 | Reached skill level 10 in Evocations
 52697 | Spider:5 | Reached skill level 15 in Invocations
 54004 | Spider:5 | Got a gossamer rune of Zot
 54777 | Crypt:1  | Entered Level 1 of the Crypt
 54777 | Crypt:1  | Found an ancient bone altar of Kikubaaqudgha.
 54783 | Crypt:1  | Reached skill level 1 in Translocations
 55342 | Crypt:1  | Noticed Jory
 55374 | Crypt:1  | Killed Jory
 55374 | Crypt:1  | Reached skill level 5 in Translocations
 55374 | Crypt:1  | Reached XP level 24. HP: 140/140 MP: 39/39
 55731 | Crypt:2  | Noticed an ancient lich
 55921 | Crypt:2  | Killed an ancient lich
 55964 | Crypt:2  | Reached skill level 1 in Spellcasting
 56275 | Crypt:3  | Entered Level 3 of the Crypt
 56426 | Crypt:3  | Reached skill level 5 in Spellcasting
 57256 | Crypt:3  | Found an ancient bone altar of Kikubaaqudgha.
 57268 | Crypt:3  | Noticed an ancient lich
 57278 | Crypt:3  | Killed an ancient lich
 57286 | Crypt:3  | Noticed an ancient lich
 57325 | Crypt:3  | Killed an ancient lich
 57396 | Crypt:3  | Got a twitching copper ring
 57402 | Crypt:3  | Identified the ring "Laorye" {rPois rN+ MR+ MP+9} (You found it on level 3 of the Crypt)
 57978 | Lair:2   | Learned a level 2 spell: Shroud of Golubria
 57983 | Lair:2   | Learned a level 4 spell: Control Teleport
 58619 | Crypt:3  | Reached skill level 5 in Charms
 58698 | Crypt:3  | Noticed Jorgrun
 58699 | Crypt:3  | Killed Jorgrun
 59074 | Crypt:3  | Found a staircase to the Tomb.
 59074 | Crypt:3  | Noticed an ancient lich
 59085 | Crypt:3  | Killed an ancient lich
 59734 | Crypt:3  | Got a vibrating ivory ring
 60022 | Crypt:3  | Got a smoking bronze ring
 60022 | Crypt:3  | Got a shimmering copper ring
 60137 | Crypt:3  | Reached XP level 25. HP: 144/144 MP: 34/39
 60300 | Crypt:1  | Identified the ring of Ghutixyr {rF+ rN+ MR+ Int+2} (You found it on level 3 of the Crypt)
 60302 | Crypt:1  | Identified the ring "Steunn" {rN+ MR+++ Str+2 Dex-2 SInv} (You found it on level 3 of the Crypt)
 60304 | Crypt:1  | Identified the ring of Levity {+Blink rC- rN+ Str+3} (You found it on level 3 of the Crypt)
 61323 | Depths:1 | Reached skill level 10 in Charms
 61331 | Depths:1 | Found Shrivyir's Antique Weapon Boutique.
 61341 | Depths:1 | Found Qital's Book Shoppe.
 61375 | Depths:1 | Bought a book of Transfigurations for 1265 gold pieces
 61408 | Depths:1 | Found a gateway to a ziggurat.
 61563 | Depths:1 | Found a runed door.
 61771 | Depths:1 | Found a viscous altar of Jiyva.
 61857 | Hell     | Entered the Vestibule of Hell
 61857 | Hell     | Noticed Geryon
 61879 | Hell     | HP: 2/144 [reaper/scythe of flaming (39)]
 61879 | Hell     | Slain by a reaper

Action                   |  1- 3 |  4- 6 |  7- 9 | 10-12 | 13-15 | 16-18 | 19-21 | 22-24 | 25-27 || total
-------------------------+-------+-------+-------+-------+-------+-------+-------+-------+-------++-------
Melee: Unarmed           |    89 |   110 |   220 |   612 |  1431 |  1303 |   978 |  1583 |   112 ||  6438
       Blowgun           |       |       |       |     1 |       |       |       |       |       ||     1
 Fire: Blowgun           |       |     4 |       |    13 |     5 |     2 |     5 |     5 |     1 ||    35
Throw: Throwing net      |     2 |     1 |     1 |     5 |       |       |       |     5 |       ||    14
       Tomahawk          |       |       |       |    14 |     7 |    43 |    65 |   238 |       ||   367
 Cast: Beastly Appendage |       |       |       |       |       |     5 |     3 |     1 |       ||     9
       Blade Hands       |       |       |       |       |       |       |       |    22 |     4 ||    26
       Shroud of Golubri |       |       |       |       |       |       |       |     8 |     3 ||    11
       Repel Missiles    |       |       |       |       |       |       |       |     1 |     1 ||     2
       Apportation       |       |       |       |       |       |       |       |     1 |       ||     1
Invok: Minor Destruction |       |       |       |     2 |       |       |       |       |       ||     2
       Major Destruction |       |       |       |       |       |       |     2 |     9 |       ||    11
       Greater Servant o |       |       |       |       |       |       |       |     1 |       ||     1
 Abil: Evoke Flight      |       |       |       |       |    16 |    30 |     1 |    23 |       ||    70
Evoke: Wand              |       |       |       |     4 |    44 |    13 |    13 |    11 |     2 ||    87
       Rod               |       |       |       |       |       |       |     2 |       |       ||     2
  Use: Scroll            |       |     5 |    13 |    12 |    16 |    13 |     4 |    16 |       ||    79
       Potion            |       |     1 |       |     3 |     1 |    10 |     6 |     6 |       ||    27
 Stab: Sleeping          |     2 |     2 |       |       |     2 |     1 |     1 |     2 |       ||    10
       Held in net/web   |       |       |     2 |       |       |       |       |     1 |       ||     3
       Distracted        |       |       |     2 |       |       |       |     2 |       |       ||     4
       Paralysed         |       |       |       |       |     5 |     1 |     1 |       |       ||     7
       Confused          |       |       |       |       |     8 |     2 |     4 |     4 |       ||    18
       Invisible         |       |       |       |       |       |       |     1 |       |       ||     1
  Eat: Chunk             |     1 |     4 |     9 |    19 |    61 |    73 |   122 |    88 |     6 ||   383
       Beef jerky        |       |       |       |       |       |       |     1 |     1 |     1 ||     3
       Fruit             |       |       |       |       |       |       |     1 |     1 |       ||     2
       Meat ration       |       |       |       |       |       |       |     1 |       |       ||     1
       Bread ration      |       |       |       |       |       |       |       |     2 |       ||     2
       Pizza             |       |       |       |       |       |       |       |       |     4 ||     4
